 Dungeon Crawl Stone Soup version 0.25-a0-591-g2ad0d861f1 (webtiles) character file.

Game seed: 3810974838568518084, levelgen mode: deterministic

128 n0claF the Covered (level 4, 0/31 HPs)
             Began as a Demonspawn Fighter on Mar 13, 2020.
             Was an Initiate of Hepliaklqana.
             Killed by divine providence
             ... invoked by an orc priest
              (12 damage)
             ... on level 4 of the Dungeon.
             The game lasted 00:07:14 (2956 turns).

n0claF the Covered (Demonspawn Fighter)             Turns: 2956, Time: 00:07:14

Health: 0/31       AC: 11    Str: 18    XL:     4   Next: 87%
Magic:  4/4        EV:  8    Int:  9    God:    Hepliaklqana [......]
Gold:   233        SH:  9    Dex: 12    Spells: 3/3 levels left

rFire    . . .     SeeInvis .   a - +0 war axe
rCold    . . .     Gourm    .   c - +0 kite shield
rNeg     . . .     Faith    .   b - +0 scale mail
rPois    .         Spirit   .   f - +0 helmet
rElec    .         Reflect  .   (no cloak)
rCorr    .         Harm     .   (no gloves)
MR       .....                  (no boots)
Stlth    +.........             (no amulet)
HPRegen  0.10/turn              (no ring)
MPRegen  0.09/turn              (no ring)

@: no status effects
A: reduced essence, yellow scales 2, nightstalker 1
a: Recall Ancestor, Ancestor Identity, Renounce Religion


You were on level 4 of the Dungeon.
You worshipped Hepliaklqana.
Hepliaklqana was noncommittal.
You were not hungry.

You visited 1 branch of the dungeon, and saw 4 of its levels.

You collected 233 gold pieces.

Inventory:

Hand Weapons
 a - a +0 war axe (weapon)
Armour
 b - a +0 scale mail (worn)
 c - a +0 kite shield (worn)
 f - a +0 helmet (worn)
   (You found it on level 3 of the Dungeon)
Jewellery
 r - an uncursed amulet of harm {unknown}
   (You found it on level 3 of the Dungeon)
Scrolls
 g - 3 scrolls of teleportation {unknown}
 i - a scroll of noise {unknown}
 j - 3 scrolls of remove curse {unknown}
 k - 6 scrolls of identify {unknown}
 l - 2 scrolls of random uselessness {unknown}
 m - a scroll of magic mapping {unknown}
 n - a scroll of immolation {unknown}
 o - a scroll of fog {unknown}
 p - a scroll of amnesia {unknown}
Potions
 d - 2 potions of might
 h - 2 potions of curing {@q1}
 q - a potion of berserk rage {unknown}
 s - a potion of invisibility {unknown}
Comestibles
 e - 11 rations {!d}


   Skills:
 - Level 3.0 Fighting
 * Level 3.2 Axes
 + Level 3.3 Armour
 + Level 1.7 Dodging
 + Level 3.2 Shields


You had 3 spell levels left.
You didn't know any spells.
Your spell library was empty.

Dungeon Overview and Level Annotations

Branches:
Dungeon (4/15)
 Temple: D:4-7

Altars:
Hepliaklqana
Kikubaaqudgha
Yredelemnul

Shops:
D:4 !


Innate Abilities, Weirdness & Mutations

You are mostly covered in yellow scales. (AC +3)
You are slightly more attuned to the shadows.
Your life essence is reduced to manifest your ancestor. (-10% HP)


Message History

You slash the adder skeleton!
You destroy the adder skeleton!
No target in view!
You swap places.
A worker ant comes into view.
The worker ant twitches its antennae in your direction.
A worker ant is nearby!
A worker ant is nearby!
You block the worker ant's attack.
You slash the worker ant!
The worker ant waves its antennae.
The worker ant bites you.
You are poisoned.
The worker ant poisons you!
You hit the worker ant.
You feel sick.
The worker ant bites you but does no damage. x2
You barely miss the worker ant.
You feel sick. The worker ant bites you. You block the worker ant's attack.
You closely miss the worker ant.
The worker ant bites you but does no damage.
You slash the worker ant!
You kill the worker ant!
No target in view!
No target in view!
You feel sick.
All of the chunks of flesh in your inventory have rotted away.
You feel sick.
You feel sick.
You feel sick.
You are no longer poisoned.
An adder and an orc priest come into view.
The adder hisses angrily.
The orc priest shouts!
You hear a shout!
An orc comes into view.
It is wielding a +0 whip and wearing a +0 leather armour of magic resistance.
The orc priest mumbles some strange prayers to Beogh against you.
Beogh smites you!
* * * LOW HITPOINT WARNING * * *
Found an ancient bone altar of Kikubaaqudgha.
You swap places.
What are your orders? t - Shout!
Orders for allies: a - Attack new target. r - Retreat! s - Stop attacking. g - Guard the area. f - Follow me.
Anything else - Cancel.
Gang up on whom?
Aim: an orc priest, wielding a +0 hand axe Attack!
The orc priest calls down the wrath of Beogh upon you.
Beogh smites you!
You die...

#........#
#.######## #.# #.#
#.# #########
.#.###.###........
.............####
..#########..#
.... #@.#
..S..##.##
....S..P# ##
.....R..# #.
.###...## #.
#....# #. P.oP..#
#. ......## #.
....o. #(


You could see the friendly Oncle Deckard the ancestor and an orc priest.

Vanquished Creatures
  A worker ant (D:4)
  3 adders
  2 oozes (D:2)
  An adder skeleton (D:4)
  2 dart slugs
  A leopard gecko (D:3)
  An orc (D:3)
  3 giant cockroaches (D:1)
  6 goblins
  7 hobgoblins
  6 kobolds (D:2)
  5 bats
  2 frilled lizards (D:2)
  A leopard gecko skeleton (D:4)
  8 rats
49 creatures vanquished.

Vanquished Creatures (collateral kills)
  An adder (D:4)
  An adder skeleton (D:4)
  An orc (D:4)
3 creatures vanquished.

Grand Total: 52 creatures vanquished

Notes
Turn   | Place    | Note
-------+----------+-------------------------------------------
     0 | D:1      | n0claF the Demonspawn Fighter began the quest for the Orb.
     0 | D:1      | Reached XP level 1. HP: 18/18 MP: 1/1
   190 | D:1      | Gained mutation: You are slightly more attuned to the
                  | shadows. [demonic ancestry]
   190 | D:1      | Reached XP level 2. HP: 21/24 MP: 2/2
   534 | D:1      | Gained mutation: You are partially covered in yellow
                  | scales. (AC +2) [demonic ancestry]
   534 | D:1      | Reached XP level 3. HP: 12/29 MP: 3/3
   725 | D:2      | Reached skill level 1 in Dodging
  1261 | D:2      | Found a hazy altar of Hepliaklqana.
  1403 | D:3      | Gained mutation: You are mostly covered in yellow scales.
                  | (AC +3) [demonic ancestry]
  1403 | D:3      | Reached XP level 4. HP: 13/35 MP: 4/4
  2132 | D:3      | Found a basalt altar of Yredelemnul.
  2531 | D:2      | Became a worshipper of Hepliaklqana the Forgotten
  2705 | D:4      | Found Vipni's Distillery.
  2953 | D:4      | Found an ancient bone altar of Kikubaaqudgha.
  2956 | D:4      | Killed from afar by an orc priest

Levels and vault maps discovered:
D:1:      onia_arrival_pyramid, layout_loops_ring
D:2:      layout_rooms, marbit_many_paths, wad_floor_pattern_2
D:3:      layout_basic, lemuel_doored_altar, minmay_bisected
D:4:      layout_loops_corners, kiku_gazebo_garden_becter, serial_shops, shop,
          first_ration, uniq_crazy_yiuf_cottage

Skill      XL: |  1  2  3  4 |
---------------+-------------+-----
Axes           | 2 3 |  3.2
Armour         | 3 |  3.3
Dodging        | 1 |  1.7
Shields        | 3 |  3.2
Fighting       | |  3.0

Action                   |  1- 3 |  4- 6 || total
-------------------------+-------+-------++-------
Melee: War axe           |   107 |    44 ||   151
Invok: Ancestor Identity |       |     1 ||     1
  Use: Potion            |     2 |       ||     2
  Eat: Chunk             |     2 |     2 ||     4
       Ration            |       |     1 ||     1
Armor: Scale mail        |    66 |    23 ||    89
Dodge: Dodged            |    51 |     9 ||    60
Block: Kite shield       |    65 |    17 ||    82

Table legend:
 A = Non-vault XP
 B = Vault XP
 C = Vault XP percentage of total XP
 D = Non-vault monster count
 E = Vault monster count
 F = Vault count percentage of total count
                 A         B        C        D         E       F
            +---------+---------+-------+---------+---------+-------
      Total |     180 |       4 |   2.2 |      49 |       3 |   5.8
            +---------+---------+-------+---------+---------+-------
        D:1 |      31 |       0 |   0.0 |      12 |       0 |   0.0
        D:2 |      63 |       1 |   1.6 |      26 |       1 |   3.7
        D:3 |      25 |       3 |  10.7 |       5 |       2 |  28.6
        D:4 |      61 |       0 |   0.0 |       6 |       0 |   0.0
            +---------+---------+-------+---------+---------+-------
